 Dungeon Crawl Stone Soup version 0.28-a0-1447-ga5a8893891 (webtiles) character file.

Game seed: 8347071525621601048

60 bladeefan the Skirmisher (level 3, -2/30 HPs)
             Began as a Demonspawn Fighter on Jan 11, 2022.
             Killed from afar by a dart slug (6 damage)
             ... with a slug dart
             ... on level 2 of the Dungeon.
             The game lasted 00:02:24 (2066 turns).

bladeefan the Skirmisher (Demonspawn Fighter)       Turns: 2066, Time: 00:02:25

Health: -2/30      AC:  6    Str: 18    XL:     3   Next: 80%
Magic:  3/3        EV:  9    Int:  9    God:
Gold:   127        SH:  4    Dex: 12    Spells: 2/2 levels left

rFire   . . .      SeeInvis .   a - +0 flail
rCold   . . .      Faith    .   c - +0 buckler
rNeg    . . .      Spirit   .   b - +0 scale mail
rPois   .          Reflect  .   (no helmet)
rElec   .          Harm     .   (no cloak)
rCorr   .          Rampage  .   (no gloves)
Will    .....                   (no boots)
Stlth   ..........              (no amulet)
HPRegen 0.10/turn               (no ring)
MPRegen 0.08/turn               (no ring)

@: no status effects
A: powered by pain 1, demonic magic 1
a: no special abilities


You were on level 2 of the Dungeon.
You visited 1 branch of the dungeon, and saw 2 of its levels.

You collected 127 gold pieces.

Inventory:

Hand Weapons
 a - a +0 flail (weapon)
Armour
 b - a +0 scale mail (worn)
 c - a +0 buckler (worn)
Jewellery
 e - an amulet of magic regeneration
   (You found it on level 2 of the Dungeon)
 k - a +4 ring of protection
   (You found it on level 2 of the Dungeon)
Scrolls
 f - a scroll of blinking
 h - a scroll of holy word {unknown}
 i - a scroll of teleportation {@r4}
Potions
 d - a potion of might
 g - 2 potions of curing {unknown}
 j - a potion of flight {unknown}


   Skills:
 * Level 4.0 Fighting
 + Level 2.4 Maces & Flails
 + Level 3.1 Armour
 - Level 2.6 Shields


You had 2 spell levels left.
You didn't know any spells.
Your spell library contained the following spells:

 Spells                   Type           Power      Damage    Failure   Level
 Foxfire                  Conj/Fire      0%         2x1d4     86%         1
 Conjure Flame            Conj/Fire      0%         6-21      99%         3
 Inner Flame              Hex/Fire       0%         N/A       99%         3
 Flame Wave               Conj/Fire      0%         2d4       100%        4


Dungeon Overview and Level Annotations

Branches:
Dungeon (2/15)

Altars:

Shops:
D:2 [


Innate Abilities, Weirdness & Mutations

You sometimes gain a little power by taking damage.
Spells you cast may paralyse adjacent enemies.


Message History

No target in view!
No target in view!
No target in view!
No target in view!
No target in view!
Things that are here:
a +0 short sword; a stone; a kobold corpse
Found 14 stones.
Key pressed, stopping explore.
You open the door.
There is an open door here.
Key pressed, stopping explore. 2 gnolls come into view.
The gnoll shouts! x2; You hear a shout!
A gnoll comes into view. It is wielding a +0 spear.
The gnoll shouts!
A goblin and a dart slug come into view.
You hear a shout!
A goblin comes into view. It is wielding a +0 dagger.
A gnoll comes into view. It is wielding a +0 spear.
The dart slug launches a dart at you. The slug dart hits you.
The gnoll barely misses you.
The dart slug bites you but does no damage.
You closely miss the gnoll. You block the gnoll's attack.
The dart slug launches a dart at you. The slug dart hits you.
You hit the gnoll.
The gnoll hits you from afar with a +0 spear.
The gnoll closely misses you. The gnoll hits you with a +0 flail.
The dart slug bites you but does no damage.
The gnoll barely misses you.
You closely miss the gnoll.
The gnoll hits you from afar with a +0 spear.
* * * LOW HITPOINT WARNING * * *
You block the gnoll's attack. The gnoll closely misses you.
The dart slug launches a dart at you.
The slug dart hits you but does no damage.
You barely miss the gnoll. The gnoll misses you. The gnoll barely misses you.
You barely miss the gnoll. The gnoll hits you with a +0 flail.
* * * LOW HITPOINT WARNING * * *
You closely miss the gnoll. The gnoll barely misses you.
You hit the gnoll but do no damage. The gnoll hits you with a +0 flail.
* * * LOW HITPOINT WARNING * * *
The gnoll hits you with a +0 flail.
* * * LOW HITPOINT WARNING * * *
Unknown command.
The dart slug launches a dart at you. The slug dart hits you.
You die...

####........
#.#..
#g..g.......
#.### #gg.....#
#.# #g#######
#.# #w#
#####+##.# ##.#
#........# #g.#
#........# #.##
#........#
#@#####......).#
#.....'........#
#######........#
..........####.#
#########.# #.#
#.####.#
#......#
#.....## #.....#


You could see 3 gnolls, a dart slug and 2 goblins.

Vanquished Creatures
  An adder (D:2)
  2 dart slugs (D:1)
  6 ball pythons
  4 endoplasms
  3 giant cockroaches
  2 hobgoblins (D:2)
  4 jackals (D:1)
  2 quokkas (D:1)
  3 bats
  4 frilled lizards
  6 goblins
  4 kobolds
  2 rats
43 creatures vanquished.

Notes
Turn   | Place    | Note
-------+----------+-------------------------------------------
     0 | D:1      | bladeefan the Demonspawn Fighter began the quest for the
                  | Orb.
     0 | D:1      | Reached XP level 1. HP: 18/18 MP: 1/1
   286 | D:1      | Gained mutation: Spells you cast may paralyse adjacent
                  | enemies. [demonic ancestry]
   286 | D:1      | Reached XP level 2. HP: 22/24 MP: 2/2
  1052 | D:1      | Gained mutation: You sometimes gain a little power by
                  | taking damage. [demonic ancestry]
  1052 | D:1      | Reached XP level 3. HP: 29/29 MP: 3/3
  1741 | D:2      | Found Yzidiy's Antique Armour Shop.
  1935 | D:2      | Reached skill level 4 in Fighting
  2066 | D:2      | Killed from afar by a dart slug

Illustrated notes

Levels and vault maps discovered:
D:1:      lemuel_arrival_cross, layout_loops_ring, corexii_corridor_pit
D:2:      layout_basic, serial_shops,
          nicolae_shop_temple_entry_statues_fountains

Skill      XL: |  1  2  3 |
---------------+----------+-----
Maces & Flails | 2 |  2.4
Armour         | 3 |  3.1
Fighting       | 4 |  4.0
Shields        | |  2.6

Action                   || total
-------------------------++-------
Melee: Flail             ||   145
  Use: Scroll            ||     2
Armor: Scale mail        ||    71
Dodge: Dodged            ||    72
Block: Buckler           ||    30

Table legend: (Time is in decaauts)
 A = Elapsed time spent in this place.
 B = Non-inter-level travel time spent in this place.
 C = Inter-level travel time spent in this place.
 D = Time resting spent in this place.
 E = Time spent auto-exploring this place.
 F = Levels seen in this place.
 G = Mean time per level.
                   A        B        C        D        E       F      G
               +--------+--------+--------+--------+--------+-----+--------+
         Total |   2115 |   2111 |      4 |    282 |   1450 |   2 | 1057.5 |
       Dungeon |   2115 |   2111 |      4 |    282 |   1450 |   2 | 1057.5 |
               +--------+--------+--------+--------+--------+-----+--------+

Top non-repeatable levels by time:
     D:1: 1434 daAuts
     D:2: 681 daAuts
